 Dungeon Crawl Stone Soup version 0.31.0-32-g396128a36d (webtiles) character file.

Game seed: 15459111503565261861

58 PaiMei the Grave Robber (level 3, 0/24 HPs)
             Began as a Demonspawn Necromancer on Apr 11, 2024.
             Slain by a gnoll
             ... wielding a +0 club
              (6 damage)
             ... on level 2 of the Dungeon.
             The game lasted 00:02:37 (2855 turns).

PaiMei the Grave Robber (Demonspawn Necromancer)    Turns: 2855, Time: 00:02:37

Health: 0/24       AC:  2    Str:  8    XL:     3   Next: 76%
Magic:  0/6        EV: 12    Int: 17    God:
Gold:   154        SH:  0    Dex: 13    Spells: 6/7 levels left

rFire   . . .        e - +0 short sword
rCold   . . .        (no shield)
rNeg    . . .        a - +0 robe
rPois   .            (no helmet)
rElec   .            (no cloak)
rCorr   .            (no gloves)
SInv    .            (no boots)
Will    .....        (no amulet)
Stlth   ++           (no ring)
HPRegen 0.24/turn    (no ring)
MPRegen 0.10/turn

%: no passive effects
@: no status effects
A: demonic guardian 1
a: no special abilities


You were on level 2 of the Dungeon.
You visited 1 branch of the dungeon, and saw 2 of its levels.

You collected 154 gold pieces.

Inventory:

Hand Weapons
 e - a +0 short sword (weapon)
Armour
 a - a +0 robe (worn)
 m - a -2 buckler
Jewellery
 o - a ring of ice
Scrolls
 c - 2 scrolls of identify {unknown}
 f - a scroll of immolation {unknown}
 g - a scroll of teleportation {unknown}
 h - a scroll of fear {unknown}
 i - a scroll of amnesia {unknown}
 j - a scroll of enchant armour {unknown}
 l - a scroll of blinking {unknown}
 p - a scroll of noise {unknown}
 q - a scroll of enchant weapon {unknown}
Potions
 b - a potion of magic
 d - a potion of might {unknown}
 k - 2 potions of cancellation {unknown}
 n - 2 potions of curing {unknown}


   Skills:
 + Level 2.4 Dodging
 + Level 2.4 Stealth
 + Level 2.6 Spellcasting
 + Level 4.8 Necromancy


You had 6 spell levels left.
You knew the following spells:

 Your Spells              Type           Power      Damage    Failure   Level
a - Necrotise             Necr           72%        1d7       2%          1

Your spell library contained the following spells:

 Spells                   Type           Power      Damage    Failure   Level
 Vampiric Draining        Necr           18%        2d7       8%          3
 Animate Dead             Necr           18%        N/A       26%         4
 Tukima's Dance           Hex            2%         N/A       50%         3
 Curse of Agony           Necr           18%        N/A       56%         5
 Dimensional Bullseye     Hex/Tloc       1%         N/A       88%         4
 Iskenderun's Mystic Bla  Conj/Tloc      2%         2d3       88%         4


Dungeon Overview and Level Annotations

Branches:
Dungeon (2/15)

Altars:

Shops:
D:2 [


Innate Abilities, Weirdness & Mutations

A weak demonic guardian rushes to your aid.


Message History

Your gnoll skeleton barely misses the gnoll.
The gnoll hits your gnoll skeleton with a +0 club!
Your gnoll skeleton is destroyed!
The gnoll hits your shadow imp with a +0 club!
Your shadow imp hits the gnoll.
The gnoll hits your shadow imp with a +0 club.
Your shadow imp dies!
Your shadow imp disappears in a puff of smoke!
Casting: Necrotise (safe; 2% risk of failure)
Confirm with . or Enter, or press ? or * to list all spells.
Aiming: Necrotise (safe; 2% risk of failure)
Press: ? - help, Shift-Dir - straight line, f - gnoll
Aim: a gnoll, wielding a +0 club (moderately wounded, chance to affect: 83%)
The gnoll writhes in agony.
Casting: Necrotise (safe; 2% risk of failure)
Confirm with . or Enter, or press ? or * to list all spells.
Aiming: Necrotise (safe; 2% risk of failure)
Press: ? - help, Shift-Dir - straight line, f/p - gnoll
Aim: a gnoll, wielding a +0 club (heavily wounded, chance to affect: 83%)
The gnoll writhes in agony.
The gnoll hits you with a +0 club.
Casting: Necrotise (safe; 2% risk of failure)
Confirm with . or Enter, or press ? or * to list all spells.
Aiming: Necrotise (safe; 2% risk of failure)
Press: ? - help, Shift-Dir - straight line, f/p - gnoll
Aim: a gnoll, wielding a +0 club (severely wounded, chance to affect: 83%)
The gnoll barely resists.
The gnoll hits you with a +0 club.
Casting: Necrotise (safe; 2% risk of failure)
Confirm with . or Enter, or press ? or * to list all spells.
You don't have enough magic to cast this spell.
You barely miss the gnoll.
The gnoll is severely wounded.
The gnoll barely misses you.
You hit the gnoll.
The gnoll is almost dead.
The gnoll hits you with a +0 club.
* * * LOW HITPOINT WARNING * * *
You hit the gnoll.
The gnoll is almost dead.
The gnoll hits you with a +0 club.
You die...

#.......# ##.....# ##.....##
### #.....># #.......###.#
#.####.### #....)..##..###
#.####.... #....(........##
#.##......
##.....##..##..####.####.###
##....##...##......# #...#
#........#.###.....## ###..
#.......##@g).......######.
#.......#####.#..#........#
#..........................
#......######...##.#.######
#......#######..##.#....# #
#............#..##.####.###
#......#.[...#..##.# #...#
########..∩.....##.# ###.#
#.[.[..#....# #..


You could see a gnoll.

Vanquished Creatures
  A gnoll (D:2)
  An adder (D:2)
  3 ball pythons (D:1)
  4 bats
  3 endoplasms (D:2)
  4 giant cockroaches
  6 hobgoblins
  7 kobolds
  2 quokkas (D:1)
  A frilled lizard (D:2)
  2 rats (D:2)
34 creatures vanquished.

Vanquished Creatures (collateral kills)
  A goblin (D:2)
  A frilled lizard (D:2)
2 creatures vanquished.

Grand Total: 36 creatures vanquished

Notes
Turn   | Place    | Note
-------+----------+-------------------------------------------
     0 | D:1      | PaiMei the Demonspawn Necromancer began the quest for the
                  | Orb.
     0 | D:1      | Reached XP level 1. HP: 13/13 MP: 3/3
   439 | D:1      | Gained mutation: A weak demonic guardian rushes to your
                  | aid. [demonic ancestry]
   439 | D:1      | Reached XP level 2. HP: 19/19 MP: 3/5
  1048 | D:1      | Found a faded altar of an unknown god.
  1523 | D:2      | Found Urasue Ihee's Armour Shop.
  2126 | D:2      | Reached XP level 3. HP: 16/24 MP: 2/6
  2855 | D:2      | Slain by a gnoll

Illustrated notes

Levels and vault maps discovered:
D:1:      dpeg_arrival_rooms_c, layout_basic,
          shapermc_ecumenical_altar_mp_vishouse, hex_medium,
          chequers_serial_rivers_room_a, hex_large
D:2:      layout_rooms, serial_shops, nicolae_shop_scrapyard,
          minmay_misc_feat_rugged

Skill      XL: |  1 |
---------------+----+-----
Stealth        | 2 |  2.4
Dodging        | 2 |  2.4
Spellcasting   | |  2.6
Necromancy     | |  4.8

Action                     || total
---------------------------++-------
  Melee: Unarmed           ||     8
         Punch             ||     1
         Short sword       ||     5
   Cast: Necrotise         ||    66
 Armour: Robe              ||    23
  Dodge: Dodged            ||    22
